 Dungeon Crawl Stone Soup version 0.29.1-1-gd02db6906a (webtiles) character file.

Game seed: 12057820909948950765

122 Linkola the Conjurer (level 4, -1/24 HPs)
             Began as a Deep Elf Conjurer on Oct 22, 2022.
             Killed from afar by an orc wizard (9 damage)
             ... with a puff of flame
             ... on level 6 of the Dungeon.
             The game lasted 00:08:09 (3056 turns).

Linkola the Conjurer (Deep Elf Conjurer)            Turns: 3056, Time: 00:08:09

Health: -1/24      AC:  4    Str:  4    XL:     4   Next: 78%
Magic:  7/12       EV: 12    Int: 25    God:
Gold:   183        SH:  0    Dex: 13    Spells: 4/11 levels left

rFire   . . .      SeeInvis .   d - staff of cold
rCold   + . .      Faith    .   (no shield)
rNeg    + . .      Spirit   .   a - +0 robe
rPois   .          Reflect  .   (no helmet)
rElec   .          Harm     .   l - +0 cloak
rCorr   .          Rampage  .   g - +0 pair of gloves
Will    .....                   (no boots)
Stlth   ++........              (no amulet)
HPRegen 0.08/turn               e - ring of positive energy
MPRegen 0.13/turn               (no ring)

@: no status effects
A: no striking features
a: no special abilities


You were on level 6 of the Dungeon.
You visited 1 branch of the dungeon, and saw 5 of its levels.

You collected 183 gold pieces.

Inventory:

Armour
 a - a +0 robe (worn)
 g - a +0 pair of gloves (worn)
 l - a +0 cloak (worn)
Magical Staves
 d - a staff of cold (weapon)
Jewellery
 e - a ring of positive energy (left hand)
Wands
 k - a wand of flame (17)
Scrolls
 c - 2 scrolls of teleportation
 h - a scroll of amnesia {unknown}
Potions
 b - a potion of magic
 f - 5 potions of curing
 i - 2 potions of heal wounds


   Skills:
 + Level 2.7 Dodging
 + Level 2.8 Stealth
 + Level 4.2 Spellcasting
 + Level 5.9 Conjurations
 * Level 1.0 Translocations


You had 4 spell levels left.
You knew the following spells:

 Your Spells              Type           Power      Damage    Failure   Level
a - Magic Dart            Conj           100%       1d8       1%          1
b - Searing Ray           Conj           68%        2d6       1%          2
c - Iskenderun's Mystic   Conj/Tloc      22%        2d6       22%         4

Your spell library contained the following spells:

 Spells                   Type           Power      Damage    Failure   Level
 Dazzling Flash           Conj/Hex       40%        N/A       8%          3
 Fulminant Prism          Conj/Hex       10%        3d9       26%         4


Dungeon Overview and Level Annotations

Branches:
Dungeon (4/15)
 Temple: D:4-7

Altars:
Dithmenos


Message History

Found a scroll of noise.
Found a stone staircase leading down.
Found a mace.
You see here a +0 scale mail.
There is a stone staircase leading down here.
You see here a +0 scale mail. 2 orcs come into view.
Found a stone staircase leading down.
The orc shouts!
An orc wizard comes into view. It is wielding a +0 dagger.
Casting: Magic Dart (safe; 1% risk of failure)
Confirm with . or Enter, or press ? or * to list all spells.
Aiming: Searing Ray (safe; 1% risk of failure)
Press: ? - help, Shift-Dir - straight line, f - orc
Aim: an orc, wielding a +0 whip (81% to hit)
The searing ray hits the orc.
You kill the orc! (Press . to maintain the ray.)
The orc wizard casts a spell at you. The puff of flame hits you.
The orc wizard casts a spell at you. The puff of flame hits you!
The orc wizard gestures wildly while chanting.
The orc wizard flickers and vanishes!
Deactivating autopickup; reactivate with Ctrl-A.
You finish channelling your searing ray.
A magic dart appears from out of thin air!
The magic dart hits you.
* * * LOW HITPOINT WARNING * * *
Casting: Searing Ray (safe; 1% risk of failure)
Confirm with . or Enter, or press ? or * to list all spells.
You can't see any susceptible monsters within range! (Use Z to cast anyway.)
Casting: Searing Ray (safe; 1% risk of failure)
Confirm with . or Enter, or press ? or * to list all spells.
Aiming: Searing Ray (safe; 1% risk of failure)
Press: ? - help, Shift-Dir - straight line (Press . to maintain the ray.)
A puff of flame appears from out of thin air!
The puff of flame hits you!
You die...

#.# #.# #.# #.#
#.# #.# #.# #.#
#.# #.# ## #.#
#.# ##.. ..#
#.# ...#
#########.#
#..#
#.{..@....#
###o.#
#.#########
.....# #.# #.#
##.##
###.#######...#
....).........#
....#######...#
##### #####


There were no monsters in sight!

Vanquished Creatures
  Jessica (D:3)
  A gnoll (D:2)
  An adder (D:3)
  A shadow imp (D:6)
  2 dart slugs
  4 orcs
  4 ball pythons
  5 bats
  7 endoplasms
  3 giant cockroaches
  4 goblins
  4 hobgoblins
  A quokka (D:2)
  11 frilled lizards
  7 kobolds
  6 rats
62 creatures vanquished.

Notes
Turn   | Place    | Note
-------+----------+-------------------------------------------
     0 | D:1      | Linkola the Deep Elf Conjurer began the quest for the Orb.
     0 | D:1      | Reached XP level 1. HP: 10/10 MP: 6/6
   130 | D:1      | Reached XP level 2. HP: 15/15 MP: 2/8
   200 | D:1      | Learned a level 2 spell: Searing Ray
   401 | D:1      | Reached skill level 5 in Conjurations
   585 | D:1      | Found a faded altar of an unknown god.
   769 | D:1      | Reached XP level 3. HP: 19/19 MP: 8/10
  1979 | D:3      | Noticed Jessica
  1982 | D:3      | Killed Jessica
  1983 | D:3      | Reached XP level 4. HP: 24/24 MP: 7/11
  1988 | D:3      | Learned a level 4 spell: Iskenderun's Mystic Blast
  2773 | D:4      | Reached skill level 1 in Translocations
  2824 | D:4      | Found a shadowy altar of Dithmenos.
  2833 | D:4      | You fall into a shaft and drop 2 floors!
  3056 | D:6      | Killed from afar by an orc wizard

Illustrated notes

Levels and vault maps discovered:
D:1:      scummos_arrival_checkerplants, layout_rooms,
          shapermc_ecumenical_altar_hornbeckon, chequers_serial_rivers_marsh,
          minmay_lizard_pond
D:2:      kennysheep_six_static_rooms, layout_basic
D:3:      layout_loops_ring, kennysheep_crisscross, uniq_jessica
D:4:      kennysheep_the_goblin_king, layout_rooms,
          nicolae_dithmenos_shadow_blocks, serial_shops, shop_fountains,
          nicolae_elevator_lobby_plus
D:6:      layout_loops_ring, abandoned_shop

Skill      XL: |  1  2  3  4 |
---------------+-------------+-----
Conjurations   | 5 |  5.9
Spellcasting   | 4 |  4.2
Translocations | 1 |  1.0
Dodging        | |  2.7
Stealth        | |  2.8

Action                   |  1- 3 |  4- 6 || total
-------------------------+-------+-------++-------
 Cast: Magic Dart        |    71 |    36 ||   107
       Searing Ray       |       |     2 ||     2
  Use: Scroll            |     6 |     5 ||    11
Armor: Robe              |       |     2 ||     2
Dodge: Dodged            |     3 |    11 ||    14
